 Dungeon Crawl Stone Soup version 0.32-a0-699-g1ee5eff69a (webtiles) character file.

Game seed: 9072923883406286713

2501 Griffin23 the Carver (level 9, 0/79 HPs)
             Began as a Minotaur Fighter on Mar 13, 2024.
             Was a Believer of Cheibriados.
             Incinerated by a bombardier beetle (8 damage)
             ... with a burning spray
             ... on level 9 of the Dungeon.
             The game lasted 00:11:25 (6982 turns).

Griffin23 the Carver (Minotaur Fighter)             Turns: 6982, Time: 00:11:25

Health: 0/79       AC: 11    Str: 26    XL:     9   Next: 28%
Magic:  8/8        EV:  9    Int:  9    God:    Cheibriados [**....]
Gold:   240        SH:  5    Dex: 17    Spells: 8/8 levels left

rFire   . . .        a - +0 long sword
rCold   . . .        c - +0 buckler
rNeg    . . .        b - +0 scale mail
rPois   .            (helmet restricted)
rElec   .            s - +0 cloak
rCorr   .            u - +0 pair of gloves
SInv    .            (no boots)
Will    .....        (no amulet) Stlth
                     (no ring)
HPRegen 0.33/turn    (no ring)
MPRegen 0.11/turn

%: no passive effects
@: on fire, glowing, very slow
A: horns 2, retaliatory headbutt
a: Renounce Religion, Bend Time


You were on level 9 of the Dungeon.
You worshipped Cheibriados.
Cheibriados was pleased with you.
You visited 2 branches of the dungeon, and saw 8 of its levels.

You collected 264 gold pieces.
You spent 24 gold pieces at shops.

Inventory:

Hand Weapons
 a - a +0 long sword (weapon)
Armour
 b - a +0 scale mail (worn)
 c - a +0 buckler (worn)
 s - a +0 cloak (worn)
 u - a +0 pair of gloves (worn)
Jewellery
 e - a ring of ice
 m - a ring of poison resistance
Wands
 d - a wand of polymorph (9)
 l - a wand of iceblast (12)
 n - a wand of mindburst (9)
Scrolls
 j - a scroll of enchant weapon
 k - 2 scrolls of immolation
 p - 2 scrolls of torment
 r - a scroll of revelation {unknown}
 t - a scroll of acquirement {unknown}
 v - a scroll of identify
 w - a scroll of teleportation {unknown}
 x - a scroll of blinking {unknown}
Potions
 f - 2 potions of heal wounds
 g - 2 potions of enlightenment {unknown}
 h - a potion of brilliance {unknown}
 i - 2 potions of attraction {unknown}
 o - a potion of mutation {unknown}
 q - 2 potions of curing


   Skills:
 * Level 7.5 Fighting
 * Level 9.9 Long Blades
 * Level 9.5 Armour
 + Level 5.2 Shields


You had 8 spell levels left.
You didn't know any spells.
Your spell library contained the following spells:

 Spells                   Type           Power      Damage    Failure   Level
 Apportation              Tloc           0%         N/A       67%         1
 Slow                     Hex            0%         N/A       67%         1
 Jinxbite                 Hex            0%         N/A       82%         2
 Confusing Touch          Hex            0%         N/A       96%         3
 Vampiric Draining        Necr           0%         2d6       96%         3
 Alistair's Intoxication  Alch           0%         N/A       100%        5


Dungeon Overview and Level Annotations

Branches:
Dungeon (6/15)             Temple (1/1) D:4

Altars:
Cheibriados
Dithmenos
Hepliaklqana
Kikubaaqudgha
Makhleb
Nemelex Xobeh
Sif Muna
Trog
Uskayaw
Yredelemnul

Shops:
D:2 *


Innate Abilities, Weirdness & Mutations

You have a pair of horns on your head.
You reflexively headbutt those who attack you in melee.


Message History

You hit the bullfrog. You headbutt the bullfrog!
The bullfrog is almost dead.
The liquid fire burns you! You block the bullfrog's attack.
The bombardier beetle sprays incendiary fluid at you.
The burning spray hits you.
You are even more covered in liquid fire!
You shake off some of the fire as you move.
The liquid fire burns you! The bullfrog attacks as it pursues you!
The bullfrog hits you but does no damage. x3
You hit the orc priest.
The orc priest is moderately wounded.
The liquid fire burns you!
The bullfrog hits you but does no damage.
You shake off some of the fire as you move.
The liquid fire burns you! The bullfrog hits you.
The orc priest invokes the aid of Beogh against you.
Beogh smites you!
* * * LOW HITPOINT WARNING * * *
The orc attacks as it pursues you! The orc hits you with a +0 mace.
* * * LOW HITPOINT WARNING * * *
The bullfrog hits you.
* * * LOW HITPOINT WARNING * * *
The bombardier beetle sprays incendiary fluid at you.
The burning spray hits you.
You are even more covered in liquid fire!
There is a shaft, spattered with blood here.
You can't go up here!
You fall into a shaft and drop 3 floors!
The shaft crumbles and collapses.
You shake off some of the fire as you move.
The liquid fire burns you!
* * * LOW HITPOINT WARNING * * *
Found 9 gold pieces and a scroll labelled WOWKAB VIZOU.
You shake off some of the fire as you move.
The liquid fire burns you!
You die...
Cheibriados appreciates the motionlessness of death.

?.# ..
#####
#.#
...##..#
......#
#$...#
+.ß..#
#@..#
#...##
....###
#####


There were no monsters in sight!

Vanquished Creatures
  Pikel (D:5)
  Sigmund (D:5)
  Duvessa (D:5)
  A black bear (D:4)
  A sky beast (D:5)
  An ice beast (D:6)
  2 ogres
  A centaur (D:5)
  4 lemures (D:5)
  3 phantoms
  2 bullfrogs
  2 scorpions
  Dowan (D:5)
  5 hounds
  2 bombardier beetles
  2 gnoll boudas (D:5)
  A jelly (D:6)
  3 orc priests (D:4)
  2 iguanas (D:5)
  3 orc wizards
  8 gnolls (D:5)
  7 adders
  A shadow imp (D:5)
  A white imp (D:6)
  7 orcs
  9 ball pythons
  7 endoplasms
  A giant cockroach (D:1)
  6 goblins
  10 hobgoblins
  2 jackals (D:4)
  9 kobolds
  2 quokkas
  5 bats
  4 frilled lizards
  4 rats
122 creatures vanquished.

Vanquished Creatures (others)
  An orc wizard (D:4)
1 creature vanquished.

Grand Total: 123 creatures vanquished

Notes
Turn   | Place    | Note
-------+----------+-------------------------------------------
     0 | D:1      | Griffin23 the Minotaur Fighter began the quest for the Orb.
     0 | D:1      | Reached XP level 1. HP: 19/19 MP: 0/0
    85 | D:1      | Reached XP level 2. HP: 27/27 MP: 1/1
   790 | D:2      | Reached XP level 3. HP: 33/33 MP: 2/2
  1342 | D:2      | Found Paxor's General Store.
  1346 | D:2      | Bought a scroll of identify for 24 gold pieces
  1585 | D:3      | Reached XP level 4. HP: 40/40 MP: 3/3
  2336 | D:4      | Noticed an ogre
  2339 | D:4      | Killed an ogre
  2340 | D:4      | Reached skill level 5 in Armour
  2340 | D:4      | Reached XP level 5. HP: 47/47 MP: 4/4
  2486 | D:4      | Noticed a phantom
  2498 | D:4      | Killed a phantom
  2499 | D:4      | Reached skill level 5 in Long Blades
  2606 | D:4      | Reached XP level 6. HP: 48/53 MP: 5/5
  2913 | D:4      | Reached skill level 5 in Fighting
  3251 | D:4      | Found a staircase to the Ecumenical Temple.
  3370 | D:4      | Reached XP level 7. HP: 51/61 MP: 6/6
  3414 | D:4      | Found an ancient bone altar of Kikubaaqudgha.
  3416 | D:4      | Found a hazy altar of Hepliaklqana.
  4188 | Temple   | Entered the Ecumenical Temple
  4289 | Temple   | Became a worshipper of Cheibriados the Contemplative
  4342 | D:5      | Entered Level 5 of the Dungeon
  4392 | D:5      | Noticed Sigmund
  4401 | D:5      | Killed Sigmund
  4900 | D:5      | Reached XP level 8. HP: 50/70 MP: 7/7
  5061 | D:5      | Noticed Dowan
  5065 | D:5      | Noticed Duvessa
  5066 | D:5      | Killed Dowan
  5081 | D:5      | Killed Duvessa
  5429 | D:5      | Noticed Pikel
  5448 | D:5      | You fall into a shaft and drop 1 floor!
  5966 | D:5      | Reached * piety under Cheibriados
  6029 | D:5      | Killed Pikel
  6030 | D:5      | Reached skill level 5 in Shields
  6173 | D:5      | Reached XP level 9. HP: 53/79 MP: 8/8
  6888 | D:6      | Reached ** piety under Cheibriados
  6981 | D:6      | You fall into a shaft and drop 3 floors!
  6982 | D:9      | Incinerated by a bombardier beetle

Illustrated notes

Levels and vault maps discovered:
D:1:      dpeg_arrival_morbid_curiosity, layout_basic, supply_closet_lemuel
D:2:      layout_basic, serial_shops, nicolae_shop_pleasant_corner_grove,
          grunt_decor_resistance
D:3:      layout_basic
D:4:      layout_loops_corners, minitemple, minmay_temple_entry_slanted
D:5:      minmay_angry_zag, layout_loops_ring, nicolae_ossuary_entry_monument,
          uniq_sigmund, uniq_duvessa, uniq_pikel
D:6:      layout_basic
D:9:      layout_roguey, kennysheep_okawaru_gauntlet,
          grunt_temple_overflow_open, david_lair_shrubbed, david_orc_1_choice
Temple:   nicolae_temple_two_arcs

Skill      XL: |  1  2  3  4  5  6  7  8 |
---------------+-------------------------+-----
Armour         | 4 5 6 7 9 |  9.5
Fighting       | 4 5 7 |  7.5
Long Blades    | 3 4 5 6 7 9 |  9.9
Shields        | 4 5 |  5.2

Action                     |  1- 3 |  4- 6 |  7- 9 || total
---------------------------+-------+-------+-------++-------
  Melee: Long sword        |    99 |   124 |   231 ||   454
         Headbutt          |     9 |    23 |    44 ||    76
    Use: Scroll            |     3 |     3 |     1 ||     7
         Potion            |       |     1 |     3 ||     4
 Armour: Scale mail        |    95 |   107 |   228 ||   430
  Dodge: Dodged            |    53 |    34 |   117 ||   204
  Block: Buckler           |    30 |    21 |    65 ||   116

Table legend: (Time is in decaauts)
 A = Elapsed time spent in this place.
 B = Non-inter-level travel time spent in this place.
 C = Inter-level travel time spent in this place.
 D = Time resting spent in this place.
 E = Time spent auto-exploring this place.
 F = Levels seen in this place.
 G = Mean time per level.
                   A        B        C        D        E       F      G
               +--------+--------+--------+--------+--------+-----+--------+
         Total |   7390 |   6900 |    490 |   1272 |   4603 |   8 |  923.8 |
       Dungeon |   7274 |   6876 |    398 |   1272 |   4603 |   7 | 1039.1 |
        Temple |    115 |     24 |     91 |      0 |      0 |   1 |  115.0 |
               +--------+--------+--------+--------+--------+-----+--------+

Top non-repeatable levels by time:
     D:4: 1919 daAuts
     D:5: 1895 daAuts
     D:6: 1086 daAuts
     D:3: 816 daAuts
     D:1: 788 daAuts
     D:2: 767 daAuts
  Temple: 115 daAuts
     D:9: 0 daAuts
